 Dungeon Crawl Stone Soup version 0.29.1-12-g30fa7ad0bf (webtiles) character file.

Game seed: 327349476504742510

403 hawla the Firebug (level 7, -7/51 HPs)
             Began as a Meteoran Fire Elementalist on Jan 2, 2023.
             Was an Initiate of Vehumet.
             Mangled by a gnoll sergeant
             ... wielding a +0 trident
              (16 damage)
             ... on level 6 of the Dungeon.
             The game lasted 00:05:33 (1192 turns).

hawla the Firebug (Meteoran Fire Elementalist)      Turns: 1192, Time: 00:05:34

Health: -7/51      AC:  3    Str: 10    XL:     7   Next: 33%
Magic:  5/14       EV: 13    Int: 19    God:    Vehumet [......]
Gold:   36         SH:  0    Dex: 14    Spells: 7/14 levels left

rFire   . . .      SeeInvis .   (no weapon)
rCold   . . .      Faith    .   (no shield)
rNeg    . . .      Spirit   .   a - +0 robe
rPois   .          Reflect  .   (no helmet)
rElec   .          Harm     .   (no cloak)
rCorr   .          Rampage  .   (no gloves)
Will    .....                   e - +0 pair of boots
Stlth   +.........              (no amulet)
HPRegen 0.17/turn               (no ring)
MPRegen 0.14/turn               (no ring)

@: glowing
A: sense surroundings 1, otherworldly, glowing, explore regen
a: Renounce Religion


You were on level 6 of the Dungeon.
You worshipped Vehumet.
Vehumet was noncommittal.
You visited 2 branches of the dungeon, and saw 7 of its levels.

You collected 36 gold pieces.

Inventory:

Armour
 a - a +0 robe (worn)
 e - a +0 pair of boots (worn)
Jewellery
 b - a ring of flight
Wands
 c - a wand of paralysis (10) (quivered)
Potions
 d - a potion of heal wounds
 h - a potion of mutation


   Skills:
 + Level 0.4 Fighting
 + Level 3.0 Dodging
 - Level 1.4 Stealth
 + Level 4.2 Spellcasting
 + Level 5.2 Conjurations
 + Level 5.6 Fire Magic
 + Level 2.0 Evocations


You had 7 spell levels left.
You knew the following spells:

 Your Spells              Type           Power      Damage    Failure   Level
a - Foxfire               Conj/Fire      96%        2x1d8     1%          1
b - Scorch                Fire           50%        2d7       1%          2
c - Flame Wave            Conj/Fire      24%        2d8       14%         4

Your spell library contained the following spells:

 Spells                   Type           Power      Damage    Failure   Level
 Conjure Flame            Conj/Fire      24%        6-21      4%          3
 Inner Flame              Hex/Fire       14%        N/A       13%         3
 Dazzling Flash           Conj/Hex       26%        N/A       14%         3
 Frozen Ramparts          Ice            8%         1d2       38%         3
 Iskenderun's Mystic Bla  Conj/Tloc      13%        2d5       43%         4
 Ice Form                 Ice/Tmut       4%         N/A       80%         4
 Summon Ice Beast         Ice/Summ       4%         N/A       80%         4
 Starburst                Conj/Fire      12%        6d5       91%         6


Dungeon Overview and Level Annotations

Branches:
Dungeon (6/15) Zot: 2394   Temple (1/1) D:4 Zot: 585

Altars:
Ashenzari
Gozag
Kikubaaqudgha
Ru
Vehumet


Innate Abilities, Weirdness & Mutations

You passively map a small area around you.
You are easily found by Zot.
You glow in the dark.
You regain HP and MP as you explore.


Message History

Flames lash the gnoll.
The gnoll is heavily wounded.
The gnoll's fire resistance burns away.
The gnoll sergeant hits you from afar with a +0 trident!
Casting: Scorch (safe; 1% risk of failure)
Confirm with . or Enter, or press ? or * to list all spells.
Flames lash the gnoll sergeant.
The gnoll sergeant is heavily wounded.
The gnoll sergeant's fire resistance burns away.
The gnoll sergeant completely misses you.
The gnoll sergeant hits you with a +0 trident!
Things that are here:
a +0 whip; a +0 spear
Casting: Scorch (safe; 1% risk of failure)
Confirm with . or Enter, or press ? or * to list all spells.
Flames lash the gnoll sergeant but do no damage.
The gnoll is no longer more vulnerable to fire.
The gnoll sergeant hits you with a +0 trident.
Unknown command.
It was a potion of heal wounds.
You feel much better. The gnoll sergeant barely misses you.
As you read the scroll labelled NUOTRO PAITA, it crumbles to dust.
It is a scroll of identify.
h - a potion of mutation The gnoll sergeant is no longer more vulnerable to fire.
The gnoll sergeant closely misses you.
As you read the scroll labelled EBLUVY EN HEO, it crumbles to dust.
Your body is wracked with pain!
The gnoll sergeant convulses!
The gnoll convulses! x3; It was a scroll of torment.
The gnoll sergeant hits you with a +0 trident.
The gnoll sergeant attacks as you move away!
The gnoll sergeant hits you with a +0 trident.
The gnoll sergeant hits you from afar with a +0 trident!
* * * LOW HITPOINT WARNING * * *
You feel much better.
The gnoll sergeant hits you from afar with a +0 trident!
* * * LOW HITPOINT WARNING * * *
There is a stone staircase leading up here.
The gnoll sergeant hits you from afar with a +0 trident!
You die...

* , ,
*,, ,
,
######
* ,
#.@..#
*
####g#
* #.#
,,,
#.# *
, #g#
* ,
#.# ,
#g# *
#g#
#.#


You could see a gnoll sergeant.

Vanquished Creatures
  Sigmund (D:5)
  A necrophage (D:4)
  A hound (D:4)
  3 iguanas (D:4)
  2 gnolls (D:6)
  An adder (D:4)
  2 worms
  A dart slug (D:4)
  10 orcs
  An endoplasm (D:2)
  A goblin (D:1)
  A hobgoblin (D:4)
  4 jackals (D:4)
  2 quokkas (D:4)
  A ball python (D:2)
  A bat (D:2)
  2 frilled lizards (D:2)
  5 kobolds
40 creatures vanquished.

Vanquished Creatures (others)
  61 foxfires
  7 plants (D:6)
68 creatures vanquished.

Grand Total: 108 creatures vanquished

Notes
Turn   | Place    | Note
-------+----------+-------------------------------------------
     0 | D:1      | hawla the Meteoran Fire Elementalist began the quest for
                  | the Orb.
     0 | D:1      | Reached XP level 1. HP: 14/14 MP: 5/5
   318 | D:2      | Reached XP level 2. HP: 20/20 MP: 1/6
   419 | D:3      | Reached XP level 3. HP: 19/26 MP: 0/8
   422 | D:3      | Learned a level 2 spell: Scorch
   466 | D:3      | Identified the +9 mace of Imminent Death {flame, Stlth+}
   507 | D:4      | Found an opulent altar of Gozag.
   634 | D:4      | Reached XP level 4. HP: 31/33 MP: 0/9
   639 | D:4      | Learned a level 4 spell: Flame Wave
   724 | D:4      | Reached XP level 5. HP: 21/38 MP: 1/10
   869 | D:4      | Reached XP level 6. HP: 40/45 MP: 6/11
   896 | D:4      | Reached skill level 5 in Fire Magic
   899 | D:4      | Found a staircase to the Ecumenical Temple.
   933 | Temple   | Entered the Ecumenical Temple
   940 | Temple   | Became a worshipper of Vehumet
  1077 | D:5      | Entered Level 5 of the Dungeon
  1078 | D:5      | Noticed Sigmund
  1089 | D:5      | Killed Sigmund
  1090 | D:5      | Reached skill level 5 in Conjurations
  1090 | D:5      | Reached XP level 7. HP: 51/51 MP: 0/14
  1192 | D:6      | Mangled by a gnoll sergeant

Illustrated notes

Levels and vault maps discovered:
D:1:      minmay_arrival_nine_rooms, layout_loops_ring, serial_shops, shop,
          chequers_ecumenical_altar_simple_redux
D:2:      layout_loops_corners, chequers_serial_rivers_large_b,
          kennysheep_generic_room_13
D:3:      layout_basic
D:4:      layout_gridville, nicolae_gozag_seed_capital,
          minmay_temple_entry_glass
D:5:      layout_layer_cave, grunt_temple_overflow_holy_war,
          minmay_misc_feat_more_columns, kennysheep_pointless_box, uniq_sigmund,
          uniq_menkaure
D:6:      layout_basic, nicolae_hepliaklqana_hazy_memory, zin_treasury,
          dk_noncrumbling_3, minmay_misc_feat_enclosed, uniq_maggie
Temple:   nicolae_temple_ecumenical_triangle

Skill      XL: |  1  2  3  4  5  6 |
---------------+-------------------+-----
Fire Magic     | 4 5 |  5.6
Spellcasting   | 3 4 |  4.2
Conjurations   | 3 4 5 |  5.2
Evocations     | 2 |  2.0
Dodging        | 3 |  3.0
Fighting       | |  0.4
Stealth        | |  1.4

Action                   |  1- 3 |  4- 6 |  7- 9 || total
-------------------------+-------+-------+-------++-------
Melee: Unarmed           |     7 |     2 |       ||     9
 Cast: Foxfire           |    23 |    12 |       ||    35
       Scorch            |     3 |    13 |     4 ||    20
       Flame Wave        |       |     4 |     1 ||     5
  Use: Scroll            |     1 |       |     2 ||     3
       Potion            |       |     1 |     2 ||     3
Armor: Robe              |     5 |    10 |       ||    15
Dodge: Dodged            |    10 |     8 |     4 ||    22
